AoeStats
← jphilkill

Lombardia

508175946Analyzed
4v4 RM · 11d ago on Sep 21, 2026· 69m 20s· 8 players
Game mode
Random Map
Map size
Large (8 player)
Population
200
Speed
Normal
Resources
Standard
Victory
Conquest
Starting age
Dark Age
Ending age
Imperial Age
RankedLock teamsTeams togetherTeam positionsShared explorationLock speedFull tech treeHidden civsTurbo modeCheats
Victory
Defeat
🇳🇿 Georgians · New Zealand
1141
+7
🇺🇸 Magyars · United States
1127
+7
🇩🇪 Huns · Germany
780
+20
🇫🇷 Goths · France
760
+21
🇷🇺 Saracens · Russia
995
-18
🇲🇽 Vietnamese · Mexico
892
-13
🇺🇸 Britons · United States
874
-13
🇨🇦 Japanese · Canada
828
-11
CostaldePapas
7:33 Loom
11:07 Feudal Age
11:37 Horse Collar
12:05 Double-Bit Axe
13:25 Wheelbarrow
15:58 Town Watch
18:46 Castle Age
17:40 Stone Mining
20:48 Bow Saw
23:51 Heavy Plow
24:31 Stone Shaft Mining
30:26 Gold Mining
31:14 Hand Cart
35:08 Imperial Age
33:19 Ballistics
33:29 Crossbowman
34:15 Thumb Ring
34:05 Fletching
34:16 Padded Archer Armor
34:00 Treadmill Crane
34:21 Murder Holes
34:54 Caravan
35:21 Bodkin Arrow
37:52 Bracer
38:07 Leather Archer Armor
39:46 Chemistry
39:21 Arbalester
40:46 Ring Archer Armor
41:54 Paper Money
46:08 Elite Rattan Archer
47:35 Elite Fire Lancer
48:30 Forging
48:20 Scale Mail Armor
53:45 Elite Skirmisher
54:57 Imperial Skirmisher
61:37 Siege Engineers
61:54 Capped Ram
kevinfz101006xr
10:32 Feudal Age
14:29 Castle Age
12:51 Double-Bit Axe
25:31 Pikeman
25:57 Gambesons
25:58 Arson
26:23 Stone Mining
27:52 Fletching
29:19 Squires
31:28 Horse Collar
33:17 Gold Mining
35:37 Gold Shaft Mining
37:55 Imperial Age
35:59 Padded Archer Armor
35:55 Bodkin Arrow
36:00 Scale Mail Armor
38:23 Loom
38:46 Bracer
39:01 Leather Archer Armor
39:58 Chemistry
39:18 Ballistics
38:35 Halberdier
38:40 Elite Longbowman
40:17 Halberdier
42:46 Ring Archer Armor
42:31 Chain Mail Armor
42:44 Bow Saw
46:15 Yeomen
49:09 Plate Mail Armor
49:24 Siege Engineers
49:45 Conscription
50:31 Two-Man Saw
51:33 Wheelbarrow
51:51 Caravan
64:46 Light Cavalry
65:27 Husbandry
614Superdry
5:04 Loom
7:49 Loom
11:43 Feudal Age
18:37 Castle Age
17:40 Double-Bit Axe
17:52 Gold Mining
17:52 Stone Mining
19:55 Horse Collar
23:16 Pikeman
23:57 Squires
33:02 Imperial Age
31:09 Wheelbarrow
32:42 Hand Cart
32:52 Bow Saw
32:43 Heavy Plow
33:01 Forging
32:53 Scale Mail Armor
34:33 Iron Casting
34:21 Conscription
35:13 Gold Shaft Mining
38:00 Two-Man Saw
37:19 Halberdier
37:57 Fletching
40:46 Blast Furnace
40:02 Chain Mail Armor
41:54 Arson
41:32 Elite Samurai
44:30 Plate Mail Armor
46:02 Chemistry
45:22 Ballistics
44:45 Treadmill Crane
47:06 Caravan
51:18 Kataparuto
53:07 Elite Skirmisher
53:52 Thumb Ring
56:08 Imperial Skirmisher
65:14 Bodkin Arrow
65:20 Padded Archer Armor
65:31 Siege Engineers
sanyajuv
11:14 Feudal Age
11:59 Horse Collar
18:14 Castle Age
17:20 Gold Mining
17:20 Stone Mining
17:18 Double-Bit Axe
18:59 Heavy Plow
22:42 Loom
23:32 Wheelbarrow
22:42 Town Watch
30:20 Imperial Age
30:30 Fletching
32:07 Conscription
32:11 Husbandry
32:22 Bloodlines
35:59 Bodkin Arrow
36:15 Forging
36:11 Scale Barding Armor
36:12 Caravan
36:31 Elite Mameluke
38:28 Iron Casting
38:18 Hand Cart
38:40 Masonry
38:42 Fortified Wall
38:53 Ballistics
43:26 Hoardings
44:50 Chain Barding Armor
45:31 Blast Furnace
44:32 Bracer
44:33 Padded Archer Armor
44:59 Town Patrol
46:44 Elite Skirmisher
49:56 Chemistry
61:00 Leather Archer Armor
61:21 Plate Barding Armor
Imyourextasy
0:43 Loom
12:30 Feudal Age
18:56 Castle Age
17:32 Scale Barding Armor
18:27 Bloodlines
19:11 Double-Bit Axe
35:02 Wheelbarrow
34:27 Horse Collar
37:09 Padded Archer Armor
37:00 Fletching
37:32 Thumb Ring
38:13 Hand Cart
38:07 Heavy Plow
41:34 Imperial Age
39:24 Gold Mining
39:25 Stone Mining
39:51 Leather Archer Armor
40:03 Ballistics
40:06 Bow Saw
41:28 Husbandry
41:25 Bodkin Arrow
41:43 Masonry
41:13 Treadmill Crane
42:09 Corvinian Army
42:16 Recurve Bow
42:38 Conscription
42:20 Bracer
42:51 Ring Archer Armor
43:23 Chemistry
41:48 Heavy Cavalry Archer
42:53 Parthian Tactics
45:27 Two-Man Saw
45:06 Crop Rotation
44:59 Chain Barding Armor
44:57 Siege Engineers
46:35 Elite Magyar Huszar
56:48 Light Cavalry
59:15 Hussar
63:11 Cavalier
65:44 Plate Barding Armor
NomadRider5217
1:07 Loom
13:02 Feudal Age
15:55 Double-Bit Axe
25:23 Castle Age
25:05 Horse Collar
26:43 Heavy Plow
26:55 Bow Saw
27:08 Gold Mining
30:20 Scale Mail Armor
30:30 Forging
31:05 Man-at-Arms
32:21 Chain Mail Armor
32:41 Iron Casting
32:41 Long Swordsman
33:22 Squires
41:15 Fletching
44:08 Town Watch
47:37 Bodkin Arrow
47:43 Padded Archer Armor
49:44 Wheelbarrow
50:16 Caravan
51:18 Hand Cart
51:07 Town Patrol
58:26 Pikeman
59:08 Bodkin Arrow
59:27 Anarchy
63:23 Imperial Age
60:56 Padded Archer Armor
61:54 Coinage
64:12 Capped Ram
66:02 Blast Furnace
65:07 Bracer
64:30 Elite Huskarl
65:33 Guilds
65:52 Conscription
66:23 Perfusion
jphilkill
1:18 Loom
11:34 Feudal Age
16:54 Castle Age
16:11 Double-Bit Axe
16:30 Horse Collar
17:36 Gold Mining
17:39 Stone Mining
19:03 Wheelbarrow
27:23 Bow Saw
28:43 Bloodlines
29:04 Heavy Plow
31:14 Hand Cart
31:59 Pikeman
32:40 Squires
32:47 Husbandry
32:55 Scale Barding Armor
33:56 Forging
34:53 Marauders
37:49 Imperial Age
35:55 Caravan
36:18 Scale Mail Armor
36:08 Fletching
36:19 Padded Archer Armor
36:54 Iron Casting
36:43 Ballistics
38:50 Leather Archer Armor
38:59 Conscription
38:53 Heavy Cavalry Archer
40:01 Thumb Ring
43:13 Blast Furnace
42:09 Bodkin Arrow
43:33 Chain Mail Armor
44:07 Chain Barding Armor
43:53 Halberdier
44:39 Elite Skirmisher
45:20 Bracer
46:22 Chemistry
47:11 Gold Shaft Mining
50:08 Plate Barding Armor
53:14 Elite Tarkan
FinRahZel
11:47 Feudal Age
12:24 Double-Bit Axe
13:21 Horse Collar
17:58 Castle Age
20:01 Bow Saw
25:58 Wheelbarrow
32:17 Imperial Age
32:05 Gold Mining
32:05 Stone Mining
34:10 Hand Cart
34:19 Conscription
35:08 Stone Shaft Mining
35:14 Bloodlines
35:04 Husbandry
35:32 Forging
35:28 Scale Barding Armor
35:36 Caravan
35:48 Fortified Wall
37:20 Iron Casting
36:08 Elite Monaspa
37:14 Guilds
38:19 Chain Barding Armor
39:36 Blast Furnace
40:03 Plate Barding Armor
39:37 Aznauri Cavalry
40:43 Svan Towers
44:27 Coinage
44:05 Fletching
44:37 Ballistics
45:17 Chemistry
44:40 Arrowslits
44:46 Guard Tower
45:06 Svan Towers
45:16 Bodkin Arrow
45:11 Treadmill Crane
46:18 Bracer
47:45 Murder Holes
49:26 Keep
49:39 Siege Engineers
62:26 Masonry
Connection lost

Rejoining the realm…

Still unreachable

The connection could not be restored.

Session expired

The server has moved on; the page needs a fresh start.